 Dungeon Crawl Stone Soup version 0.24.0-37-gcf1ca852f1 (webtiles) character file.

Game seed: 16442258537888356231, levelgen mode: deterministic

170 Gruesph the Skirmisher (level 5, 0/60 HPs)
             Began as a Demonspawn Wanderer on Nov 21, 2019.
             Succumbed to Dowan's poison
             ... on level 3 of the Dungeon.
             The game lasted 00:15:08 (3987 turns).

Gruesph the Skirmisher (Demonspawn Wanderer)        Turns: 3987, Time: 00:15:09

Health: 0/60       AC: 15    Str: 19    XL:     5   Next: 25%
Magic:  7/7        EV:  9    Int: 14    God:
Gold:   227        SH:  0    Dex: 11    Spells: 4/4 levels left

rFire    . . .     SeeInvis .   a - +0 flail (protect)
rCold    . . .     Gourm    .   (no shield)
rNeg     . . .     Faith    .   q - +0 scale mail
rPois    .         Spirit   .   (no helmet)
rElec    .         Reflect  .   (no cloak)
rCorr    .         Harm     .   t - +0 pair of gloves
MR       .....                  i - +0 pair of boots
Stlth    ..........             (no amulet)
HPRegen  0.20/turn              (no ring)
MPRegen  0.10/turn              (no ring)

@: berserking, lethally poisoned (0 -> -41), protection aura, flying, glowing,
very quick
A: spiny 1
a: no special abilities


You were on level 3 of the Dungeon.
You were not hungry.

You visited 1 branch of the dungeon, and saw 4 of its levels.

You collected 227 gold pieces.

Inventory:

Hand Weapons
 a - a +0 flail of protection (weapon)
 b - a +0 hunting sling
Missiles
 g - a throwing net (quivered)
 z - 10 sling bullets
Armour
 i - a +0 pair of boots (worn)
 q - a +0 scale mail (worn)
 t - a +0 pair of gloves (worn)
Wands
 y - a wand of paralysis (15)
Scrolls
 c - a scroll of noise
 e - 2 scrolls of fog {unknown}
 j - 4 scrolls of enchant weapon {unknown}
 o - 6 scrolls of identify {unknown}
 p - a scroll of immolation {unknown}
 s - 4 scrolls of blinking {unknown}
 u - a scroll of amnesia {unknown}
 v - a scroll of magic mapping {unknown}
 w - 2 scrolls of remove curse {unknown}
 x - a scroll of random uselessness {unknown}
Potions
 d - a potion of magic
 k - 3 potions of flight
 l - a potion of cancellation {unknown}
 m - a potion of brilliance {unknown}
 n - a potion of degeneration {unknown}
 r - a potion of curing {unknown}
 A - a potion of agility {unknown}
Comestibles
 f - 3 rations


   Skills:
 - Level 2.9 Fighting
 + Level 2.6 Maces & Flails
   Level 1.7 Polearms
 - Level 1.0 Throwing
 - Level 1.0 Dodging
 - Level 1.0 Stealth
   Level 1.0 Translocations
   Level 1.7 Ice Magic
 - Level 2.9 Evocations


You had 4 spell levels left.
You didn't know any spells.
Your spell library was empty.

Dungeon Overview and Level Annotations

Branches:
Dungeon (4/15)
 Temple: D:4-7

Altars:
Elyvilon
Uskayaw
The Shining One

Annotations:
D:3 Dowan, Duvessa


Innate Abilities, Weirdness & Mutations

You are partially covered in sharp spines.


Message History

It was a potion of magic.
Magic courses through your body.
* * * LOW HITPOINT WARNING * * *
You feel very sick.
Dowan says, "My weaknesses are her strengths!"
Dowan is struck by your spines. Dowan hits you but does no damage.
You are more poisoned.
Duvessa hits you but does no damage.
Unknown command.
It was a potion of flight.
You feel very buoyant.
You fly up into the air.
* * * LOW HITPOINT WARNING * * *
You feel very sick. Dowan hits you but does no damage.
You are more poisoned.
Duvessa is struck by your spines. Duvessa closely misses you.
It was a potion of berserk rage.
A red film seems to cover your vision as you go berserk!
You feel yourself moving faster!
You feel mighty!
You die...

.#...#..#.#...###.####.###....#
.##.##.##.##...##.# #......#.#
..#.#..#...#......###########.##
..###.##...##.....'............#
...#..#...)†#.....##############
...#..#.....#.##'##
..............##.#
........####.###.#
........'......e@####
((......##.......e..#
........##..........#
##'#######..........####### ##.#
#................# #..#
################.# #.## #.# ...#
#.# .⌠.#### #.#


You could see Duvessa and Dowan.

Vanquished Creatures
  Terence (D:1)
  A worker ant (D:2)
  An adder (D:2)
  3 worms
  3 leopard geckos (D:1)
  7 orcs
  A ball python (D:2)
  12 bats
  2 giant cockroaches
  14 goblins
  9 hobgoblins
  8 jackals
  3 quokkas (D:2)
  4 frilled lizards
  8 kobolds
  7 rats
84 creatures vanquished.

Notes
Turn   | Place    | Note
-------+----------+-------------------------------------------
     0 | D:1      | Gruesph the Demonspawn Wanderer began the quest for the
                  | Orb.
     0 | D:1      | Gruesph set off with the following items: a +0
                  | quarterstaff, a wand of paralysis (15), a +0 spear, a +0
                  | robe, a ration
     0 | D:1      | Reached XP level 1. HP: 15/15 MP: 1/1
   340 | D:1      | Gained mutation: You are partially covered in sharp spines.
                  | [demonic ancestry]
   340 | D:1      | Reached XP level 2. HP: 21/21 MP: 3/3
   820 | D:1      | Reached XP level 3. HP: 26/27 MP: 4/4
  1863 | D:2      | Reached XP level 4. HP: 25/34 MP: 4/6
  2363 | D:2      | Found a hide-covered altar of Uskayaw.
  2376 | D:2      | Noticed Terence
  2397 | D:1      | Killed Terence
  2397 | D:1      | Reached skill level 1 in Maces & Flails
  2794 | D:2      | Reached XP level 5. HP: 38/40 MP: 7/7
  3293 | D:3      | Found a glowing golden altar of the Shining One.
  3841 | D:3      | Found a white marble altar of Elyvilon.
  3960 | D:4      | Noticed Duvessa
  3962 | D:4      | Noticed Dowan
  3964 | D:4      | Noticed an ogre
  3986 | D:3      | HP: 2/40 [poisoned by Dowan]
  3987 | D:3      | Succumbed to Dowan's poison

Levels and vault maps discovered:
D:1:      ncdulo_lavacross, layout_basic, bh_walls_and_bars
D:2:      minmay_door_path, layout_basic, lemuel_crystal_altar, first_ration,
          uniq_terence
D:3:      layout_basic, elyvilon_altar_1, nicolae_tso_carved_into_rock,
          minmay_unequal
D:4:      layout_rooms, old_standard_altar, nicolae_overflow_crystal_walls,
          serial_shops, shop_statue, uniq_robin, uniq_sigmund, uniq_duvessa

Skill      XL: |  1  2  3  4 |
---------------+-------------+-----
Evocations     | 2 |  2.9
Fighting       | 2 |  2.9
Maces & Flails | 2 |  2.6
Polearms       | |  1.7
Throwing       | |  1.0
Dodging        | |  1.0
Stealth        | |  1.0
Translocations | |  1.0
Ice Magic      | |  1.7

Action                   |  1- 3 |  4- 6 || total
-------------------------+-------+-------++-------
Melee: Quarterstaff      |   106 |    16 ||   122
       Flail             |       |   102 ||   102
  Use: Potion            |       |     3 ||     3
       Scroll            |       |     1 ||     1
  Eat: Chunk             |     3 |     7 ||    10
Armor: Robe              |    24 |       ||    24
       Scale mail        |    19 |    65 ||    84
Dodge: Dodged            |    72 |    55 ||   127
